 Dungeon Crawl Stone Soup version 0.25-a0-478-g33c61bdccf (webtiles) character file.

Game seed: 5936149478184367665, levelgen mode: deterministic

22 vurker the Gusty (level 2, -6/12 HPs)
             Began as a Felid Air Elementalist on Feb 8, 2020.
             Mangled by a worm (12 damage)
             ... on level 2 of the Dungeon.
             The game lasted 00:01:03 (996 turns).

vurker the Gusty (Felid Air Elementalist)            Turns: 996, Time: 00:01:04

Health: -6/12      AC:  1    Str:  4    XL:     2   Next: 68%
Magic:  1/6        EV: 18    Int: 16    God:
Gold:   47         SH:  0    Dex: 16    Spells: 4/5 levels left
                                        Lives:  0   Deaths: 0

rFire    . . .     SeeInvis +   (weapon unavailable)
rCold    . . .     Gourm    .   (shield unavailable)
rNeg     . . .     Faith    .   (armour unavailable)
rPois    .         Spirit   .   (helmet unavailable)
rElec    .         Reflect  .   (cloak unavailable)
rCorr    .         Harm     .   (gloves unavailable)
MR       .....                  (boots unavailable)
Stlth    +++.......             (no amulet)
HPRegen  0.04/turn              (no ring)
MPRegen  0.10/turn              (no ring)

@: very slightly contaminated, quick
A: very small, no armour, no weapons or thrown items, stealth, claws 1, fangs 3,
see invisible, carnivore, speed 1, shaggy fur 1, slow metabolism 1, sharp paws
a: no special abilities


You were on level 2 of the Dungeon.
You were completely stuffed.

You visited 1 branch of the dungeon, and saw 2 of its levels.

You collected 47 gold pieces.

Inventory:

Scrolls
 b - a scroll of teleportation {unknown}
 c - 3 scrolls of immolation {unknown}
Potions
 a - a potion of flight {unknown}
Comestibles
 e - 4 rations


   Skills:
 + Level 0.5 Fighting
 - Level 2.6 Dodging
 - Level 2.6 Stealth
 * Level 2.3 Spellcasting
 * Level 1.4 Conjurations
 * Level 3.0 Air Magic


You had 4 spell levels left.
You knew the following spells:

 Your Spells              Type           Power        Failure   Level  Hunger
a - Shock                 Conj/Air       #...         8%          1    #......

Your spell library contained the following spells:

 Spells                   Type           Power        Failure   Level  Hunger
 Swiftness                Chrm/Air       #.......     16%         2    ###....
 Static Discharge         Conj/Air       #.......     24%         3    ###....
 Airstrike                Air            ##........   50%         4    #####..
 Lightning Bolt           Conj/Air       #.........   91%         5    ######.


Dungeon Overview and Level Annotations

Branches:
Dungeon (2/15)

Altars:


Innate Abilities, Weirdness & Mutations

You cannot wear armour.
You are incapable of wielding weapons or throwing items.
Your paws allow you to move quietly. (Stealth)
You have sharp claws.
You have razor-sharp teeth.
You have supernaturally acute eyesight. (SInv)
You are carnivorous and can eat meat at any time.
You cover ground quickly.
You are covered in fur. (AC +1)
You have a slow metabolism.
Your sharp claws are effective at attacking unaware monsters.


Message History

Done exploring.
Done exploring.
Done exploring.
There is a stone staircase leading down here.
You climb downwards.
There is a stone staircase leading up here.
A hobgoblin comes into view. It is wielding a +0 club.
Aim: a hobgoblin, wielding a +0 club (resting)
The zap hits the hobgoblin.
The hobgoblin shouts!
Aim: a hobgoblin, wielding a +0 club (almost dead)
You miscast Shock.
You are very lightly contaminated with residual magic.
Nothing appears to happen.
Aim: a hobgoblin, wielding a +0 club (almost dead)
The zap hits the hobgoblin.
You kill the hobgoblin!
You can't see any susceptible monsters within range! (Use Z to cast anyway.)
You can't see any susceptible monsters within range! (Use Z to cast anyway.)
You can't see any susceptible monsters within range! (Use Z to cast anyway.)
Your magical contamination has completely faded away.
All of the chunks of flesh in your inventory have rotted away.
A worm comes into view.
A worm is nearby!
A worm is nearby!
A worm is nearby!
The zap hits the worm. x2
The zap hits the worm.
You miscast Shock.
You are very lightly contaminated with residual magic.
Nothing appears to happen.
The worm misses you.
The zap hits the worm.
The worm bites you.
The zap hits the worm.
You miscast Shock.
Your hair stands on end.
The worm bites you but does no damage.
You don't have enough magic to cast that spell.
You barely miss the worm. You scratch the worm. The worm bites you.
You barely miss the worm. The worm bites you.
* * * LOW HITPOINT WARNING * * *
You completely miss the worm. You scratch the worm but do no damage.
The worm misses you.
Okay, then.
Aim: a worm (severely wounded)
The zap hits the worm.
You don't have enough magic to cast that spell.
You scratch the worm. You scratch the worm but do no damage.
The worm bites you!
Ouch! That really hurt!
You die...

#.##. .. #.#.. ..
#.#)# .# #.#.# .#
#.#.###.###
#.#.#.....
####.#.#.#.######
#@w..............
######.#.#.#####.
#......#<#.#
##.#####.#.#
..#.# .#.#.#
#.#.#.# # #.#.#
#.#


You could see a worm.

Vanquished Creatures
  A leopard gecko (D:1)
  A ball python (D:1)
  3 bats (D:1)
  A giant cockroach (D:1)
  4 goblins (D:1)
  2 hobgoblins
  2 frilled lizards (D:1)
  2 kobolds (D:1)
  4 rats (D:1)
20 creatures vanquished.

Notes
Turn   | Place    | Note
-------+----------+-------------------------------------------
     0 | D:1      | vurker the Felid Air Elementalist began the quest for the
                  | Orb.
     0 | D:1      | Reached XP level 1. HP: 7/7 MP: 4/4
     8 | D:1      | Reached skill level 1 in Conjurations
   355 | D:1      | Reached XP level 2. HP: 11/11 MP: 4/6
   758 | D:1      | Reached skill level 3 in Air Magic
   996 | D:2      | Mangled by a worm

Levels and vault maps discovered:
D:1:      minmay_arrival_semitransparent, layout_loops_ring
D:2:      layout_basic, minmay_3d_cube

Skill      XL: |  1  2 |
---------------+-------+-----
Conjurations   | 1 |  1.4
Air Magic      | 3 |  3.0
Fighting       | |  0.5
Dodging        | |  2.6
Stealth        | |  2.6
Spellcasting   | |  2.3

Action                   || total
-------------------------++-------
Melee: Unarmed           ||     7
 Cast: Shock             ||    42
  Eat: Chunk             ||     8
Armor: Skin              ||     1
Dodge: Dodged            ||     4

Table legend:
 A = Non-vault XP
 B = Vault XP
 C = Vault XP percentage of total XP
 D = Non-vault monster count
 E = Vault monster count
 F = Vault count percentage of total count
                 A         B        C        D         E       F
            +---------+---------+-------+---------+---------+-------
      Total |      32 |       0 |   0.0 |      20 |       0 |   0.0
            +---------+---------+-------+---------+---------+-------
        D:1 |      30 |       0 |   0.0 |      19 |       0 |   0.0
        D:2 |       2 |       0 |   0.0 |       1 |       0 |   0.0
            +---------+---------+-------+---------+---------+-------
